 Dungeon Crawl Stone Soup version 0.29-a0-92-gee772dd00f (webtiles) character file.

Game seed: 463501704162024203

98 cyrus the Skirmisher (level 4, -1/38 (42) HPs)
             Began as a Naga Fighter on Feb 10, 2022.
             Was an Initiate of Gozag.
             Slain by an orc (3 damage)
             ... on level 3 of the Dungeon.
             The game lasted 00:05:32 (2470 turns).

cyrus the Skirmisher (Naga Fighter)                 Turns: 2470, Time: 00:05:33

HP:   -1/38 (42)    AC:  7    Str: 18    XL:     4   Next: 71%
MP:   3/4           EV:  3    Int: 11    God:    Gozag
Gold: 136           SH:  4    Dex: 10    Spells: 3/3 levels left

rFire   . . .      SeeInvis +   a - +0 long sword
rCold   . . .      Faith    .   c - +0 buckler
rNeg    . . .      Spirit   .   k - +0 plate armour
rPois   +          Reflect  .   (no helmet)
rElec   .          Harm     .   n - scarf {+Inv}
rCorr   .          Rampage  .   (no gloves)
Will    .....                   (no barding)
Stlth   ..........              (no amulet)
HPRegen 0.12/turn               (no ring)
MPRegen 0.09/turn               (no ring)

@: gold aura, very slightly contaminated, drained, invisible (expiring), very
slow
A: AC +1, large, see invisible, deformed body, poison resistance, slowness 2,
spit poison 1, naga tail 1
a: Spit Poison, Renounce Religion, Evoke Invisibility, Potion Petition, Call
Merchant, Bribe Branch


You were on level 3 of the Dungeon.
You worshipped Gozag.
Gozag was aware of your devotion.
You visited 1 branch of the dungeon, and saw 3 of its levels.

You collected 136 gold pieces.

Inventory:

Hand Weapons
 a - a +0 long sword (weapon)
Missiles
 d - a throwing net
Armour
 b - a +0 scale mail
 c - a +0 buckler (worn)
 k - a +0 plate armour (worn)
 n - a scarf of invisibility (worn)
Scrolls
 e - 2 scrolls of teleportation {unknown}
 g - 2 scrolls of torment {unknown}
 i - a scroll of acquirement {unknown}
 j - a scroll of vulnerability {unknown}
 l - a scroll of brand weapon {unknown}
 o - a scroll of silence {unknown}
 q - a scroll of identify {unknown}
Potions
 f - a potion of lignification {unknown}
 h - a potion of mutation {unknown}
 m - a potion of haste {unknown}
 p - 2 potions of brilliance {unknown}


   Skills:
 + Level 3.4 Fighting
 + Level 3.4 Long Blades
 + Level 3.0 Armour
 + Level 0.2 Dodging
 + Level 0.1 Stealth
 + Level 2.8 Shields


You had 3 spell levels left.
You didn't know any spells.
Your spell library contained the following spells:

 Spells                   Type           Power      Damage    Failure   Level
 Magic Dart               Conj           0%         1d3       100%        1
 Searing Ray              Conj           0%         2d4       100%        2
 Gell's Gravitas          Tloc           0%         N/A       100%        3
 Teleport Other           Tloc           0%         N/A       100%        3
 Fulminant Prism          Conj/Hex       0%         3d6       100%        4
 Dispersal                Tloc           0%         N/A       100%        6


Dungeon Overview and Level Annotations

Branches:
Dungeon (3/15)

Altars:
Gozag


Innate Abilities, Weirdness & Mutations

Your serpentine skin is tough. (AC +1)
You have supernaturally acute eyesight. (SInv)
Armour fits poorly on your strangely shaped body.
Your system is resistant to poisons. (rPois)
You cover ground very slowly.
You can spit poison.
You have a snake-like lower body.


Message History

The orc hits you but does no damage. The orc hits you with a +0 club.
The orc hits you with a +0 trident!
You feel drained.
You fade into invisibility!
You are very lightly contaminated with residual magic.
The orc hits you but does no damage. The orc hits you with a +0 whip.
* * * LOW HITPOINT WARNING * * *
You block the orc's attack. The orc hits you with a +0 trident.
* * * LOW HITPOINT WARNING * * *
The orc hits you but does no damage.
You have got your breath back.
You block the orc's attack. The orc hits you but does no damage. x2
You hit the orc.
The orc is heavily wounded.
You block the orc's attack. The orc hits you with a +0 whip.
* * * LOW HITPOINT WARNING * * *
The orc barely misses you. The orc hits you but does no damage.
You slash the orc!
You kill the orc!
The orc is distracted by your dazzling golden aura.
You block the orc's attack.
The orc shouts!
The orc hits you with a +0 club.
* * * LOW HITPOINT WARNING * * *
Things that are here:
4 gold pieces; a +1 trident of protection Unknown command.
The orc is no longer distracted by gold.
The orc hits you with a +0 whip.
* * * LOW HITPOINT WARNING * * *
The orc barely misses you.
You barely miss the orc.
The orc is moderately wounded.
You flicker for a moment.
The orc completely misses you. You block the orc's attack.
The orc hits you but does no damage.
You barely miss the orc. The orc barely misses you.
The orc hits you with a +0 whip.
You die...
Your body crumbles into a pile of gold.

...... .# #..
##.## #.. .....
### #... #?.#
#..# # #o.# .
#@.# # . #oo# ..
#..##.# #. .. .
#...#.# #.# .# #
##..#.###.# <# #
#.....##.##.# ##
#...........##.##
##....##.#.###.##
#.#...........#.


You could see 3 orcs.

Vanquished Creatures
  Terence (D:2)
  2 adders
  2 dart slugs (D:1)
  2 orcs (D:3)
  5 bats
  11 endoplasms
  A giant cockroach (D:3)
  5 hobgoblins
  A quokka (D:2)
  4 ball pythons
  2 frilled lizards
  5 goblins
  A kobold (D:1)
  5 rats
47 creatures vanquished.

Notes
Turn   | Place    | Note
-------+----------+-------------------------------------------
     0 | D:1      | cyrus the Naga Fighter began the quest for the Orb.
     0 | D:1      | Reached XP level 1. HP: 21/21 MP: 1/1
   114 | D:1      | Reached XP level 2. HP: 17/28 MP: 2/2
   682 | D:1      | Reached XP level 3. HP: 21/34 MP: 3/3
  1405 | D:2      | Noticed Terence
  1413 | D:2      | Killed Terence
  1414 | D:2      | Reached XP level 4. HP: 19/42 MP: 4/4
  1856 | D:2      | Found a faded altar of an unknown god.
  1874 | D:2      | Prayed at the altar of an unknown god.
  1874 | D:2      | Became a worshipper of Gozag Ym Sagoz the Greedy
  2470 | D:3      | Slain by an orc

Illustrated notes

Levels and vault maps discovered:
D:1:      heliophobic_arrival_henge, layout_basic, minmay_small_reverse_x
D:2:      layout_basic, hellmonk_ecumenical_altar_slurped_away, uniq_terence
D:3:      layout_loops_ring, serial_shops, nicolae_shop_bloodbath_and_beyond

Skill      XL: |  1  2  3  4 |
---------------+-------------+-----
Long Blades    | 3 |  3.4
Armour         | 3 |  3.0
Fighting       | |  3.4
Dodging        | |  0.2
Stealth        | |  0.1
Shields        | |  2.8

Action                   |  1- 3 |  4- 6 || total
-------------------------+-------+-------++-------
Melee: Long sword        |    65 |    57 ||   122
 Abil: Spit Poison       |       |     1 ||     1
       Evoke Invisibilit |       |     1 ||     1
  Use: Potion            |     1 |       ||     1
Armor: Scale mail        |    32 |       ||    32
       Plate armour      |     2 |    67 ||    69
Dodge: Dodged            |    34 |    20 ||    54
Block: Buckler           |     6 |    22 ||    28

Table legend: (Time is in decaauts)
 A = Elapsed time spent in this place.
 B = Non-inter-level travel time spent in this place.
 C = Inter-level travel time spent in this place.
 D = Time resting spent in this place.
 E = Time spent auto-exploring this place.
 F = Levels seen in this place.
 G = Mean time per level.
                   A        B        C        D        E       F      G
               +--------+--------+--------+--------+--------+-----+--------+
         Total |   3082 |   3082 |      0 |      3 |   2425 |   3 | 1027.3 |
       Dungeon |   3082 |   3082 |      0 |      3 |   2425 |   3 | 1027.3 |
               +--------+--------+--------+--------+--------+-----+--------+

Top non-repeatable levels by time:
     D:1: 1547 daAuts
     D:2: 1017 daAuts
     D:3: 517 daAuts
